Map: Dusk Towers

Players

IIIIIIIIIIII

  • Race: Zerg Zerg

MorN - Winner!

  • Race: Terran Terran
  • League: Master

VOD

Have the link to the VOD?

Description

Time

  • Played on: Dec. 7, 2015, 3:17 a.m.
  • Length: 12:37
Show
View Real Time Build Order
Export as new Build Order

IIIIIIIIIIII Zerg 

Build Orders: Hatch First 

Get SALT Encoding   

  12  0:01  Drone  
  13  0:12  Overlord  
  13  0:17  Drone  
  14  0:30  Drone x2  
  14  0:34  Drone  
  17  0:45  Drone  
  18  0:56  Hatchery  
  17  1:02  Extractor  
  16  1:11  Spawning Pool  
  16  1:15  Drone  
  16  1:19  Drone  
  16  1:22  Drone  
  18  1:27  Drone  
  19  1:38  Drone  
  20  1:49  Overlord  
  20  1:58  Queen  
  22  2:05  Metabolic Boost  
  22  2:08  Zergling x4  
  24  2:10  Queen  
  24  2:14  Drone  
  27  2:22  Drone x2  
  29  2:29  Drone  
  30  2:34  Extractor, Queen  
  30  2:44  Drone  
  30  2:49  Overlord  
  31  2:51  Drone  
  31  2:52  Drone  
  31  2:55  Drone  
  34  3:01  Drone  
  35  3:08  Drone x4  
  39  3:14  Drone  
  39  3:16  Queen  
  42  3:21  Overlord  
  42  3:29  Overlord  
  42  3:31  Drone  
  42  3:32  Drone  
  44  3:39  Drone  
  44  3:41  Drone x3  
  48  3:47  Drone x3  
  51  3:52  Drone  
  52  4:04  Hatchery  
  52  4:07  Drone x2, Roach Warren  
  52  4:11  Extractor  
  52  4:13  Drone x2, Extractor  
  52  4:19  Drone  
  52  4:21  Drone  
  52  4:22  Drone  
  55  4:26  Overlord x2  
  55  4:30  Drone x3  
  58  4:40  Drone  
  58  4:41  Lair  
  59  4:46  Spore Crawler  
  59  4:47  Spore Crawler  
  59  4:50  Spore Crawler x2  
  59  4:52  Roach x2  
  59  4:55  Roach  
  61  5:02  Roach x3  
  67  5:09  Overlord  
  67  5:14  Baneling Nest  
  66  5:23  Roach x5  
  66  5:24  Roach  
  76  5:38  Zergling x2  
  76  5:39  Roach  
  69  5:44  Roach x3  
  69  5:45  Roach x3  
  69  5:48  Roach x2  
  81  5:50  Zergling x2  
  79  5:59  Drone  
  79  6:01  Zergling x6  
  83  6:05  Infestation Pit  
  83  6:10  Drone x3  
  85  6:15  Drone  
  86  6:21  Drone x2  
  88  6:29  Drone  
  89  6:34  Drone  
  90  6:40  Evolution Chamber  
  90  6:41  Evolution Chamber  
  90  6:43  Hatchery, Overlord x2  
  90  6:45  Pathogen Glands  
  87  6:52  Overlord  
  82  7:02  Glial Reconstitution  
  82  7:03  Overlord x2  
  82  7:07  Drone x2  
  82  7:08  Drone x5  
  87  7:27  Roach x6  
  87  7:28  Roach x4  
  87  7:29  Zergling x2  
  94  7:36  Roach x2  
  94  7:37  Roach  
  90  7:38  Zergling x2  
  90  7:41  Zergling x10  
  97  7:45  Zergling x2  
  97  7:50  Baneling x2  
  98  7:55  Zergling x12  
  98  7:56  Ravager  
  98  7:58  Ravager x6  
  110  7:59  Ravager x3  
  110  8:16  Overseer  
  110  8:18  Zerg Missile Weapons Level 1, Zerg Ground Armor Level 1  
  110  8:19  Pneumatized Carapace  
  110  8:22  Hatchery  
  110  8:27  Hatchery  
  102  8:32  Drone x2  
  100  8:35  Hydralisk Den  
  100  8:39  Zergling x12  
  100  8:40  Zergling x6  
  108  8:51  Zergling x4  
  101  9:17  Lurker Den  
  101  9:18  Drone  
  101  9:19  Drone x11  
  113  9:37  Overseer x2  
  103  9:47  Zergling x2  
  103  9:48  Zergling x6  
  103  9:49  Zergling x2  
  103  9:50  Zergling x2, Baneling x4  
  103  9:51  Zergling x8  
  103  9:52  Baneling x4  
  91  9:53  Zergling x4, Baneling x4  
  91  9:54  Zergling x8  
  91  9:59  Zergling x2  
  98  10:00  Roach x2  
  93  10:13  Zergling x8  
  93  10:14  Zergling x2  
  89  10:17  Zergling x2  
  89  10:18  Queen  
  90  10:23  Hydralisk x2  
  90  10:24  Spire, Hydralisk  
  90  10:26  Hatchery  
  94  10:31  Baneling x7  
  94  10:35  Overlord  
  94  10:38  Hydralisk  
  96  10:43  Hydralisk x2  
  96  10:44  Hydralisk  
  100  10:51  Hydralisk  
  100  10:52  Hydralisk x2  
  105  10:58  Hydralisk x3  
  106  11:06  Zergling x6  
  106  11:07  Zergling x4  
  106  11:08  Zergling x6  
  106  11:09  Zergling x2  
  106  11:10  Zergling x2  
  109  11:12  Zergling x2  
  109  11:13  Zergling x2  
  109  11:14  Hydralisk  
  109  11:18  Zergling x2  
  107  11:19  Zergling x2  
  107  11:23  Queen  
  100  11:25  Zergling x2  
  100  11:26  Zergling x2  
  100  11:27  Hydralisk  
  100  11:31  Hydralisk  
  97  11:36  Hydralisk  
  97  11:38  Hydralisk  
  98  11:41  Hydralisk x3  
  104  11:47  Hydralisk x2  
  108  11:59  Drone x11  
  108  12:00  Queen  
  121  12:05  Extractor  
  121  12:06  Extractor  
  119  12:12  Zergling x10  
  119  12:13  Zergling x2  
Show
View Real Time Build Order
Export as new Build Order

MorN Terran - Winner!

Build Orders: Reaper Expand, MMM Bio 

Get SALT Encoding   

  12  0:00  SCV  
  13  0:12  SCV  
  14  0:17  Supply Depot  
  14  0:25  SCV  
  15  0:38  SCV  
  15  0:40  Barracks  
  16  0:45  Refinery  
  16  0:50  SCV  
  17  1:02  SCV  
  18  1:14  SCV  
  19  1:26  Orbital Command  
  19  1:29  Reaper  
  20  1:39  Command Center  
  20  1:49  Supply Depot  
  20  1:53  SCV  
  21  2:01  Barracks Reactor  
  21  2:05  Barracks  
  21  2:11  SCV  
  22  2:16  Barracks  
  22  2:23  SCV  
  22  2:29  Factory  
  23  2:35  SCV  
  24  2:38  Refinery  
  24  2:43  Marine  
  24  2:44  Marine  
  26  2:48  SCV  
  28  2:52  Orbital Command  
  28  2:56  Barracks Tech Lab  
  26  3:00  SCV  
  26  3:01  Marine  
  26  3:03  Marine  
  29  3:10  Marine  
  29  3:12  SCV  
  31  3:18  Starport  
  31  3:19  Marine  
  32  3:23  Marine x2  
  34  3:29  SCV, Stimpack  
  35  3:38  SCV, Factory Reactor  
  35  3:39  Marine x2  
  35  3:41  Marine  
  38  3:47  Marine  
  40  3:50  Supply Depot  
  40  3:53  SCV  
  41  3:57  Marine x2  
  41  3:58  SCV  
  44  4:04  Supply Depot  
  44  4:05  SCV  
  44  4:06  Marine  
  46  4:11  Marine  
  46  4:12  SCV  
  46  4:13  Supply Depot  
  48  4:18  Medivac x2  
  48  4:19  SCV  
  48  4:22  Marine  
  54  4:25  Marine  
  54  4:26  Supply Depot  
  54  4:28  SCV  
  54  4:31  SCV, Factory Reactor  
  56  4:35  Marine  
  59  4:40  SCV  
  59  4:44  Supply Depot, Marauder  
  61  4:53  Barracks Reactor  
  61  4:54  Medivac  
  61  4:55  SCV  
  61  4:57  SCV, Refinery  
  65  5:01  Marine x2  
  65  5:05  Marine  
  68  5:07  SCV  
  68  5:11  Command Center  
  68  5:13  SCV  
  70  5:18  Widow Mine  
  70  5:19  Marine x2  
  74  5:22  Marine  
  73  5:36  Marine x2  
  73  5:41  Marauder  
  75  5:43  Marine x2  
  75  5:48  Medivac, Widow Mine  
  81  5:54  Marine  
  75  6:00  Marine  
  75  6:01  Marine, Medivac  
  75  6:02  Marauder  
  75  6:03  SCV  
  82  6:07  Engineering Bay  
  82  6:08  Engineering Bay  
  82  6:10  Marine  
  76  6:12  Marine  
  76  6:17  SCV  
  76  6:18  Medivac, Marine  
  78  6:19  Supply Depot  
  78  6:20  Refinery  
  78  6:24  Marauder  
  83  6:29  Widow Mine x2, Orbital Command  
  87  6:38  Marine x2  
  89  6:40  Marine  
  89  6:42  Terran Infantry Weapons Level 1, Terran Infantry Armor Level 1  
  89  6:45  Marauder  
  92  6:48  Marine  
  92  6:53  Barracks  
  92  6:54  Barracks  
  93  6:56  Marine  
  93  6:59  Marine x2  
  95  7:01  Orbital Command  
  95  7:06  Marauder, Marine  
  98  7:14  Supply Depot, Marine  
  99  7:16  SCV x2  
  99  7:17  Marine x2  
  99  7:24  Marine  
  99  7:28  Marauder  
  96  7:32  Marine  
  96  7:35  Marine x2  
  98  7:38  Widow Mine  
  98  7:39  Medivac  
  98  7:41  Marine  
  98  7:42  Barracks Reactor  
  98  7:43  Barracks Tech Lab  
  103  7:49  Marine, Marauder  
  106  7:53  SCV x2, Armory  
  108  8:00  Marine x2  
  110  8:11  Marauder  
  103  8:13  Combat Shields  
  103  8:14  Widow Mine x2, Marine x2  
  103  8:15  Medivac, Marauder  
  113  8:20  Marine x2  
  113  8:21  SCV x2  
  113  8:26  SCV  
  117  8:32  Marauder  
  117  8:45  Supply Depot, Terran Infantry Weapons Level 2  
  117  8:49  Marauder  
  117  8:50  Marine x2  
  117  8:51  Marine x2  
  117  8:55  Medivac, Marine  
  116  8:57  Medivac  
  116  9:03  Marine  
  116  9:06  Widow Mine x2  
  116  9:07  Marauder  
  116  9:08  Supply Depot, Marine  
  120  9:10  Marauder  
  120  9:11  Supply Depot  
  113  9:17  Marine  
  113  9:20  Marine  
  113  9:21  Marine x2  
  117  9:24  Terran Infantry Armor Level 2  
  117  9:25  Medivac  
  117  9:28  Supply Depot, Marauder  
  117  9:30  Supply Depot, SCV  
  122  9:32  SCV x2, Refinery, Supply Depot, Marauder  
  122  9:33  Barracks  
  122  9:34  Refinery, Barracks  
  122  9:35  Barracks, Widow Mine  
  128  9:42  SCV  
  128  9:44  SCV  
  125  9:52  Marauder, Marine x2  
  122  9:54  Marine  
  122  9:55  Marauder, Marine  
  124  10:13  Marine  
  124  10:14  Marauder, Marine x2  
  104  10:17  Marauder  
  104  10:21  Marine x3  
  102  10:27  Barracks Reactor x2  
  104  10:31  Supply Depot, Marine x2  
  104  10:34  Marine  
  104  10:35  Barracks Reactor, Marauder  
  109  10:38  Marauder  
  109  10:39  Marine x2  
  109  10:42  Command Center  
  113  10:46  Marine  
  113  10:49  Marine  
  115  10:51  Marine x2  
  115  10:52  Widow Mine x2  
  115  10:56  Marine  
  115  10:57  Marauder, Marine  
  124  10:59  Marauder  
  125  11:06  Marine x4  
  125  11:07  Marine  
  125  11:10  Concussive Shells  
  119  11:17  Marine x3  
  119  11:18  Marauder  
  120  11:20  Medivac  
  120  11:21  Marauder  
  120  11:27  Marine x2  
  120  11:28  Marine x4  
  126  11:39  Marauder  
  119  11:45  Marine x2  
  119  11:46  Marauder, Widow Mine, Marine  
  120  11:55  Planetary Fortress  
  120  11:58  SCV  
  120  11:59  SCV x2  
  120  12:01  Marauder  
  125  12:08  Marauder  
  127  12:09  Marine  
  127  12:10  Marine x11  
Tags
 
Composition
MMM Bio
League
Master
Matchup
TvZ
Replay Pack
MorN pack 2
Add a new tag
Caveats
  • Supply blocks, unpowered buildings, or Contaminate may cause inaccurate times.
  • Supply counts are checked every 10 seconds.